TOP OF THE 1ST |
New Orleans Looters batting - Pitching for Boston Rebels : RHP Rusty van Rhee
|
Pitching: RHP Rusty van Rhee
|
|
Batting: SHB Arturo Sánchez
|
0-0: SINGLE (Groundball, 34D)
|
Batting: LHB Miguel Colón
|
0-0: Swinging Strike 0-1: Swinging Strike 0-2: Ball 1-2: SINGLE (Flyball, 8LS) Arturo Sánchez to second
|
Batting: LHB Seung-chun Mun
|
0-0: Grounds into double play, 4-6-3 (Groundball, 4) Arturo Sánchez to third
|
Batting: SHB Oliver Deleón
|
0-0: Fly out, F7 (Flyball, 7S)
|
Top of the 1st over - 0 run(s), 2 hit(s), 0 error(s), 1 left on base; New Orleans 0 - Boston 0 |
BOTTOM OF THE 1ST |
Boston Rebels batting - Pitching for New Orleans Looters : RHP Anthony O'Connor
|
Pitching: RHP Anthony O'Connor
|
|
Batting: RHB Roberto Chávez
|
0-0: Called Strike 0-1: Ball 1-1: Called Strike 1-2: Ball 2-2: Strikes out swinging, 2-3 out at first.
|
Batting: LHB Frank Jackson
|
0-0: Ball 1-0: SINGLE (Line Drive, 9LS)
|
Batting: LHB Lorenzo Flores
|
0-0: Ball 1-0: Foul Ball, location: 2F 1-1: Foul Ball, location: 2F 1-2: Strikes out swinging
|
Batting: LHB Miguel Rivería
|
0-0: Ball 1-0: Swinging Strike 1-1: Ball 2-1: Ball 3-1: Base on Balls Frank Jackson to second
|
Batting: RHB John Mendelson
|
0-0: Ball 1-0: Swinging Strike 1-1: Ball 2-1: Foul Ball, location: 2F 2-2: Ball 3-2: Strikes out swinging
|
Bottom of the 1st over - 0 run(s), 1 hit(s), 0 error(s), 2 left on base; New Orleans 0 - Boston 0 |
TOP OF THE 2ND |
New Orleans Looters batting - Pitching for Boston Rebels : RHP Rusty van Rhee
|
Batting: RHB Stephen Shaw
|
0-0: Foul Ball, location: 2F 0-1: Foul Ball, location: 2F 0-2: Ball 1-2: Foul Ball, location: 2F 1-2: Ball 2-2: Fly out, F9 (Flyball, 9S)
|
Batting: RHB Dave O'Loan
|
0-0: Called Strike 0-1: Fly out, F8 (Flyball, 8LM)
|
Batting: LHB Eduardo Rodríguez
|
0-0: Ball 1-0: Foul Ball, location: 2F 1-1: Ball 2-1: Foul Ball, location: 2F 2-2: SINGLE (Groundball, 4MD)
|
Batting: SHB Derek Roach
|
0-0: Swinging Strike 0-1: DOUBLE (Flyball, 89D) Eduardo Rodríguez to third
|
Batting: LHB Francisco Vega
|
0-0: Called Strike 0-1: Ground out 4-3 (Groundball, 4)
|
Top of the 2nd over - 0 run(s), 2 hit(s), 0 error(s), 2 left on base; New Orleans 0 - Boston 0 |
BOTTOM OF THE 2ND |
Boston Rebels batting - Pitching for New Orleans Looters : RHP Anthony O'Connor
|
Batting: LHB Felipe Guerrero
|
0-0: Ball 1-0: Fly out, F7 (Flyball, 78M)
|
Batting: LHB Sixto Cortés
|
0-0: Foul Ball, location: 2F 0-1: Ground out 5-3 (Groundball, 56S)
|
Batting: RHB Alberto Ramos
|
0-0: Swinging Strike 0-1: Swinging Strike 0-2: Ground out 4-3 (Groundball, 4)
|
Bottom of the 2nd over - 0 run(s), 0 hit(s), 0 error(s), 0 left on base; New Orleans 0 - Boston 0 |
TOP OF THE 3RD |
New Orleans Looters batting - Pitching for Boston Rebels : RHP Rusty van Rhee
|
Batting: SHB Arturo Sánchez
|
0-0: Foul Ball, location: 2F 0-1: Ball 1-1: Foul Ball, location: 2F 1-2: Strikes out looking
|
Batting: LHB Miguel Colón
|
0-0: Foul Ball, location: 2F 0-1: Ball 1-1: Ball 2-1: Ball 3-1: Foul Ball, location: 2F 3-2: Base on Balls
|
Batting: LHB Seung-chun Mun
|
0-0: Called Strike 0-1: Ball 1-1: Ball 2-1: Foul Ball, location: 2F 2-2: Foul Ball, location: 2F 2-2: Ball 3-2: Strikes out swinging
|
Batting: SHB Oliver Deleón
|
0-0: Called Strike 0-1: Ground out 5-3 (Groundball, 56S)
|
Top of the 3rd over - 0 run(s), 0 hit(s), 0 error(s), 1 left on base; New Orleans 0 - Boston 0 |
BOTTOM OF THE 3RD |
Boston Rebels batting - Pitching for New Orleans Looters : RHP Anthony O'Connor
|
Batting: RHB George Reeves
|
0-0: DOUBLE (Line Drive, 9LS)
|
Batting: RHB Roberto Chávez
|
0-0: Ground out 1-3 (Groundball, 15S)
|
Batting: LHB Frank Jackson
|
0-0: Called Strike 0-1: Called Strike 0-2: Foul Ball, location: 2F 0-2: Ball 1-2: Foul Ball, location: 2F 1-2: Foul Ball, location: 2F 1-2: Strikes out swinging
|
Batting: LHB Lorenzo Flores
|
0-0: Foul Ball, location: 2F 0-1: Called Strike 0-2: Ball 1-2: Ball 2-2: Ball 3-2: DOUBLE (Flyball, 7D) George Reeves scores
|
Batting: LHB Miguel Rivería
|
0-0: Ball 1-0: Foul Ball, location: 2F 1-1: Foul Ball, location: 2F 1-2: SINGLE (Groundball, 34D) Lorenzo Flores to third Runner from 3rd tries for Home, SAFE, no throw
|
Batting: RHB John Mendelson
|
0-0: Ball 1-0: SINGLE (Groundball, 6MD) Miguel Rivería to second
|
Batting: LHB Felipe Guerrero
|
0-0: Called Strike 0-1: Foul Ball, location: 2F 0-2: SINGLE (Groundball, 6D) Miguel Rivería to third John Mendelson to second
|
Batting: LHB Sixto Cortés
|
0-0: Ball 1-0: Called Strike 1-1: Ball 2-1: Swinging Strike 2-2: Ball 3-2: Foul Ball, location: 2F 3-2: Foul Ball, location: 2F 3-2: Base on Balls Miguel Rivería scores John Mendelson to third Felipe Guerrero to second
|
Batting: RHB Alberto Ramos
|
0-0: Ball 1-0: Called Strike 1-1: Fly out, F8 (Line Drive, 8RM)
|
Bottom of the 3rd over - 3 run(s), 5 hit(s), 0 error(s), 3 left on base; New Orleans 0 - Boston 3 |
TOP OF THE 4TH |
New Orleans Looters batting - Pitching for Boston Rebels : RHP Rusty van Rhee
|
Batting: RHB Stephen Shaw
|
0-0: Called Strike 0-1: Foul Ball, location: 2F 0-2: Ball 1-2: Ball 2-2: Ball 3-2: Strikes out swinging
|
Batting: RHB Dave O'Loan
|
0-0: Called Strike 0-1: Ball 1-1: Ball 2-1: Foul Ball, location: 2F 2-2: Foul Ball, location: 2F 2-2: Ball 3-2: Strikes out swinging
|
Batting: LHB Eduardo Rodríguez
|
0-0: Swinging Strike 0-1: Foul Ball, location: 2F 0-2: Fly out, F4 (Popup, 4D)
|
Top of the 4th over - 0 run(s), 0 hit(s), 0 error(s), 0 left on base; New Orleans 0 - Boston 3 |
BOTTOM OF THE 4TH |
Boston Rebels batting - Pitching for New Orleans Looters : RHP Anthony O'Connor
|
Batting: RHB George Reeves
|
0-0: Fly out, F9 (Flyball, 9LM)
|
Batting: RHB Roberto Chávez
|
0-0: SOLO HOME RUN (Flyball, 7D), Distance : 382 ft
|
Batting: LHB Frank Jackson
|
0-0: Ball 1-0: Ball 2-0: Ball 3-0: Base on Balls
|
Batting: LHB Lorenzo Flores
|
0-0: Ball 1-0: Foul Ball, location: 2F 1-1: SINGLE (Line Drive, 4MD) Frank Jackson to second
|
Batting: LHB Miguel Rivería
|
0-0: SINGLE (Line Drive, 9S) Frank Jackson to third Lorenzo Flores to second Runner from 3rd tries for Home, SAFE, no throw
|
Batting: RHB John Mendelson
|
0-0: Ball 1-0: Called Strike 1-1: Ball 2-1: Ball 3-1: Foul Ball, location: 2F 3-2: Base on Balls Lorenzo Flores to third Miguel Rivería to second
|
Batting: LHB Felipe Guerrero
|
0-0: Ball 1-0: Ball 2-0: Foul Ball, location: 2F 2-1: Ball 3-1: Grounds into double play, 4-6-3 (Groundball, 4M)
|
Bottom of the 4th over - 2 run(s), 3 hit(s), 0 error(s), 2 left on base; New Orleans 0 - Boston 5 |
TOP OF THE 5TH |
New Orleans Looters batting - Pitching for Boston Rebels : RHP Rusty van Rhee
|
Batting: SHB Derek Roach
|
0-0: Ball 1-0: Foul Ball, location: 2F 1-1: Ground out 6-3 (Groundball, 6M)
|
Batting: LHB Francisco Vega
|
0-0: Ball 1-0: Called Strike 1-1: Swinging Strike 1-2: Foul Ball, location: 2F 1-2: Ball 2-2: Fly out, F8 (Flyball, 8RD)
|
Batting: SHB Arturo Sánchez
|
0-0: Ground out 6-3 (Groundball, 6)
|
Top of the 5th over - 0 run(s), 0 hit(s), 0 error(s), 0 left on base; New Orleans 0 - Boston 5 |
BOTTOM OF THE 5TH |
Boston Rebels batting - Pitching for New Orleans Looters : RHP Anthony O'Connor
|
Pitching: RHP Robbie Daniel
|
|
Batting: LHB Sixto Cortés
|
0-0: Ball 1-0: Called Strike 1-1: Foul Ball, location: 2F 1-2: Ball 2-2: Reached on error, E2 (Popup, 5S)
|
Batting: RHB Alberto Ramos
|
0-0: Ball 1-0: Fielders Choice at 2nd, 6-4 (Groundball, 6M)
|
Batting: RHB George Reeves
|
0-0: Ball 1-0: Called Strike 1-1: Foul Ball, location: 2F 1-2: Fly out, F9 (Flyball, 9)
|
Batting: RHB Roberto Chávez
|
0-0: Called Strike 0-1: SINGLE (Groundball, 34D) Alberto Ramos to second Runner from 2nd tries for 3rd, SAFE, no throw
|
Batting: LHB Frank Jackson
|
0-0: Ball 1-0: Ball 2-0: Foul Ball, location: 2F 2-1: Ground out U3 (Groundball, 3)
|
Bottom of the 5th over - 0 run(s), 1 hit(s), 1 error(s), 2 left on base; New Orleans 0 - Boston 5 |
TOP OF THE 6TH |
New Orleans Looters batting - Pitching for Boston Rebels : RHP Rusty van Rhee
|
Batting: LHB Miguel Colón
|
0-0: Ball 1-0: Ball 2-0: Ball 3-0: Base on Balls
|
Batting: LHB Seung-chun Mun
|
0-0: Called Strike 0-1: Ball 1-1: Ball 2-1: Called Strike 2-2: Foul Ball, location: 2F 2-2: Ball 3-2: SINGLE (Flyball, 9S) Miguel Colón to second Runner from 2nd tries for 3rd, SAFE, no throw
|
Batting: SHB Oliver Deleón
|
0-0: DOUBLE (Flyball, 89D) Miguel Colón scores Seung-chun Mun to third
|
Batting: RHB Stephen Shaw
|
0-0: Called Strike 0-1: Ball 1-1: SINGLE (Line Drive, 8LS) Seung-chun Mun scores Oliver Deleón to third
|
Batting: RHB Dave O'Loan
|
0-0: Swinging Strike 0-1: Ball 1-1: Ball 2-1: Foul Ball, location: 2F 2-2: Foul Ball, location: 2F 2-2: Foul Ball, location: 2F 2-2: Ball 3-2: Grounds into double play, 6-4-3 (Groundball, 6) Oliver Deleón scores
|
Batting: LHB Eduardo Rodríguez
|
0-0: Called Strike 0-1: Foul Ball, location: 2F 0-2: Foul Ball, location: 2F 0-2: Ball 1-2: Ball 2-2: DOUBLE (Line Drive, 9LM)
|
Batting: SHB Derek Roach
|
0-0: Called Strike 0-1: Ball 1-1: Ground out 4-3 (Groundball, 4)
|
Top of the 6th over - 3 run(s), 4 hit(s), 0 error(s), 1 left on base; New Orleans 3 - Boston 5 |
BOTTOM OF THE 6TH |
Boston Rebels batting - Pitching for New Orleans Looters : RHP Robbie Daniel
|
Batting: LHB Lorenzo Flores
|
0-0: Ball 1-0: Swinging Strike 1-1: Foul Ball, location: 2F 1-2: Ground out 4-3 (Groundball, 4)
|
Batting: LHB Miguel Rivería
|
0-0: Called Strike 0-1: Ball 1-1: Called Strike 1-2: Ball 2-2: Ground out 4-3 (Groundball, 4M)
|
Batting: RHB John Mendelson
|
0-0: Called Strike 0-1: SINGLE (Line Drive, 8LS)
|
Batting: LHB Felipe Guerrero
|
0-0: Ball 1-0: Ground out 5-3 (Groundball, 56S)
|
Bottom of the 6th over - 0 run(s), 1 hit(s), 0 error(s), 1 left on base; New Orleans 3 - Boston 5 |
TOP OF THE 7TH |
New Orleans Looters batting - Pitching for Boston Rebels : RHP Rusty van Rhee
|
Batting: LHB Francisco Vega
|
0-0: Ball 1-0: Swinging Strike 1-1: Ball 2-1: SINGLE (Flyball, 7S)
|
Pitching: LHP Joseph Byrne
|
|
Batting: SHB Arturo Sánchez
|
0-0: Called Strike 0-1: Ball 1-1: Called Strike 1-2: Ground out 4-3 (Groundball, 4D) Francisco Vega to second
|
Batting: LHB Miguel Colón
|
0-0: Called Strike 0-1: Swinging Strike 0-2: Strikes out swinging
|
Batting: LHB Seung-chun Mun
|
0-0: Called Strike 0-1: Ball 1-1: Foul Ball, location: 2F 1-2: Ball 2-2: Fly out, F8 (Flyball, 8RM)
|
Top of the 7th over - 0 run(s), 1 hit(s), 0 error(s), 1 left on base; New Orleans 3 - Boston 5 |
BOTTOM OF THE 7TH |
Boston Rebels batting - Pitching for New Orleans Looters : RHP Robbie Daniel
|
Batting: LHB Sixto Cortés
|
0-0: Ball 1-0: Ball 2-0: Swinging Strike 2-1: Ground out 3-1 (Groundball, 34D)
|
Batting: RHB Alberto Ramos
|
0-0: Ground out 6-3 (Groundball, 6)
|
Batting: RHB George Reeves
|
0-0: Called Strike 0-1: Foul Ball, location: 2F 0-2: Ball 1-2: Ball 2-2: Fly out, F9 (Flyball, 9S)
|
Bottom of the 7th over - 0 run(s), 0 hit(s), 0 error(s), 0 left on base; New Orleans 3 - Boston 5 |
TOP OF THE 8TH |
New Orleans Looters batting - Pitching for Boston Rebels : LHP Joseph Byrne
|
Batting: SHB Oliver Deleón
|
0-0: Called Strike 0-1: Hit by Pitch
|
Pitching: LHP Yoshihiro Hasegawa
|
|
Batting: RHB Stephen Shaw
|
0-0: Ball 1-0: Foul Ball, location: 2F 1-1: Fly out, F5 (Line Drive, 56)
|
Pitching: RHP Ki-tong Shiu
|
|
Batting: RHB Dave O'Loan
|
0-0: Called Strike 0-1: Ball 1-1: Grounds into double play, 6-4-3 (Groundball, 6M)
|
Top of the 8th over - 0 run(s), 0 hit(s), 0 error(s), 0 left on base; New Orleans 3 - Boston 5 |
BOTTOM OF THE 8TH |
Boston Rebels batting - Pitching for New Orleans Looters : RHP Robbie Daniel
|
Pitching: RHP Juan Flores
|
|
Batting: RHB Roberto Chávez
|
0-0: Ball 1-0: Fly out, F9 (Flyball, 9)
|
Batting: LHB Frank Jackson
|
0-0: Ball 1-0: Ball 2-0: DOUBLE (Groundball, 3L)
|
Pitching: LHP Tadao Yoshida
|
|
Batting: LHB Lorenzo Flores
|
0-0: Ball 1-0: Called Strike 1-1: SINGLE (Groundball, 34) (infield hit) Frank Jackson to third
|
Pitching: LHP Santiago Valentín
|
|
Batting: LHB Miguel Rivería
|
0-0: Called Strike 0-1: Called Strike 0-2: SINGLE (Line Drive, 89S) Frank Jackson scores Lorenzo Flores to second
|
Batting: RHB John Mendelson
|
0-0: Swinging Strike 0-1: Ball 1-1: Called Strike 1-2: Grounds into double play, 6-4-3 (Groundball, 6)
|
Bottom of the 8th over - 1 run(s), 3 hit(s), 0 error(s), 1 left on base; New Orleans 3 - Boston 6 |
TOP OF THE 9TH |
New Orleans Looters batting - Pitching for Boston Rebels : RHP Ki-tong Shiu
|
Pitching: RHP Tony Rocha
|
|
Batting: LHB Eduardo Rodríguez
|
0-0: Called Strike 0-1: Swinging Strike 0-2: Strikes out swinging
|
Batting: SHB Derek Roach
|
0-0: Swinging Strike 0-1: Swinging Strike 0-2: Ball 1-2: Foul Ball, location: 2F 1-2: Foul Ball, location: 2F 1-2: Ball 2-2: Ball 3-2: Strikes out swinging
|
Batting: LHB Francisco Vega
|
0-0: Foul Ball, location: 2F 0-1: Foul Ball, location: 2F 0-2: Ball 1-2: Foul Ball, location: 2F 1-2: Fly out, F5 (Popup, 5)
|
Top of the 9th over - 0 run(s), 0 hit(s), 0 error(s), 0 left on base; New Orleans 3 - Boston 6 |
|